 Dungeon Crawl Stone Soup version 0.27.1 (webtiles) character file.

Game seed: 5794357831114094191

406 Renzlar the Shield-Bearer (level 6, -4/53 HPs)
             Began as a Gnoll Fighter on Aug 29, 2021.
             Slain by an ogre (19 damage)
             ... on level 4 of the Dungeon.
             The game lasted 00:09:25 (4524 turns).

Renzlar the Shield-Bearer (Gnoll Fighter)           Turns: 4524, Time: 00:09:25

Health: -4/53      AC:  7    Str: 17    XL:     6   Next: 87%
Magic:  9/9        EV:  8    Int:  8    God:
Gold:   296        SH: 11    Dex: 11    Spells: 9/9 levels left

rFire    . . .     SeeInvis .   a - +0 war axe
rCold    . . .     Faith    .   c - +1 kite shield
rNeg     . . .     Spirit   .   b - +0 scale mail
rPois    .         Reflect  .   (no helmet)
rElec    .         Harm     .   (no cloak)
rCorr    .         Rampage  .   (no gloves)
Will     .....                  (no boots)
Stlth    ..........             (no amulet)
HPRegen  0.17/turn              (no ring)
MPRegen  0.11/turn              (no ring)

@: no status effects
A: fangs 1, strong nose, distributed training
a: no special abilities


You were on level 4 of the Dungeon.
You visited 1 branch of the dungeon, and saw 5 of its levels.

You collected 296 gold pieces.

Inventory:

Hand Weapons
 a - a +0 war axe (weapon)
 k - a +1 short sword of electrocution
Missiles
 h - 182 stones
 o - 8 poisoned darts (quivered)
 p - 24 bolts
Armour
 b - a +0 scale mail (worn)
 c - a +1 kite shield (worn)
Jewellery
 f - a +6 ring of intelligence
 j - a ring of fire
Scrolls
 g - a scroll of enchant armour
 l - a scroll of holy word
Potions
 d - a potion of might
 e - a potion of cancellation
 i - a potion of invisibility
 m - a potion of haste
 n - a potion of curing {unknown}


   Skills:
 + Level 6.9 Fighting
 + Level 2.1 Short Blades
 + Level 2.1 Long Blades
 + Level 5.0 Axes
 + Level 2.1 Maces & Flails
 + Level 2.1 Polearms
 + Level 2.1 Staves
 + Level 2.1 Slings
 + Level 2.1 Bows
 + Level 2.1 Crossbows
 + Level 2.1 Throwing
 + Level 6.9 Armour
 + Level 2.1 Dodging
 + Level 2.1 Stealth
 + Level 6.9 Shields
 + Level 2.1 Unarmed Combat
 + Level 2.1 Spellcasting
 + Level 1.7 Conjurations
 + Level 1.7 Hexes
 + Level 1.7 Summonings
 + Level 1.7 Necromancy
 + Level 1.7 Translocations
 + Level 1.7 Transmutations
 + Level 1.7 Fire Magic
 + Level 1.7 Ice Magic
 + Level 1.7 Air Magic
 + Level 1.7 Earth Magic
 + Level 1.7 Poison Magic
 + Level 2.3 Invocations
 + Level 2.1 Evocations


You had 9 spell levels left.
You didn't know any spells.
Your spell library contained the following spells:

 Spells                   Type           Power      Damage    Failure   Level
 Iskenderun's Battlesphe  Conj           3%         2d6       100%        5
 Iron Shot                Conj/Erth      1%         9d1       100%        6
 Spellforged Servitor     Conj/Summ      1%         N/A       100%        7


Dungeon Overview and Level Annotations

Branches:
Dungeon (5/15)
 Temple: D:4-7

Altars:
Trog
Xom

Annotations:
D:5 Ijyb


Innate Abilities, Weirdness & Mutations

You have very sharp teeth.
Your uncanny sense of smell can sniff out nearby items.
Your experience applies equally to all skills.


Message History

a - a +0 war axe (weapon)
HP restored.
You now have 281 gold pieces (gained 8).
Found 15 gold pieces.
g - a scroll of enchant armour You now have 296 gold pieces (gained 15).
Found an escape hatch in the floor.
An ogre comes into view. It is wielding a +0 giant spiked club.
The ogre shouts!
You hear a shout!
Throw: 10 darts (poison)
Press: ? - help, Q - select action, (/) - cycle Shift-Dir - straight line, f - ogre
Aim: an ogre, wielding a +0 giant spiked club (75% to hit)
You throw a poisoned dart. The poisoned dart hits the ogre.
The ogre is poisoned.
Throw: 9 darts (poison)
Press: ? - help, Q - select action, (/) - cycle Shift-Dir - straight line, f/p - ogre
Aim: an ogre, wielding a +0 giant spiked club (poisoned, 75% to hit)
You throw a poisoned dart. The poisoned dart hits the ogre.
The ogre looks even sicker.
You hit the ogre. You bite the ogre.
The ogre is lightly wounded.
The ogre hits you with a +0 giant spiked club!!
You slash the ogre!
The ogre is heavily wounded.
You block the ogre's attack.
You completely miss the ogre.
The ogre is heavily wounded.
The ogre hits you with a +0 giant spiked club!!
* * * LOW HITPOINT WARNING * * *
Ijyb the Twisted Goblin comes into view.
She is wielding a +0 dagger and carrying a wand of flame (15).
You block the ogre's attack.
The ogre looks more healthy.
There is a stone staircase leading up, spattered with blood here.
You block the ogre's attack.
You climb upwards.
There is a stone staircase leading down, spattered with blood here.
You hit the ogre but do no damage.
The ogre is almost dead.
The ogre hits you with a +0 giant spiked club!!
You die...

8..............##...#.......##...
##.............####.#######...###
#.......#.....# #.# #.#.#.|
#########.[#.## #.# #.#.#.#
#########..#.#####.#######.#....
#.....)....#.............#.#.#.#
#..........###....######.#...#..
#..........# #)...# #.###.#.#
#########..###.@O.# #.....#..
#.....#.#..#......# ####..##.###
##.....#.#..#.########...........
.......#.............#.###.##.###
##.....#.####.###....#.# #.#.....
##†####.......##....#.# #.######
#.......###..##....#.##########
#########......##................
#...# ##.###.#######.##########


You could see an ogre.

Vanquished Creatures
  A black bear (D:4)
  An ogre (D:4)
  A howler monkey (D:4)
  3 hounds (D:4)
  3 gnolls (D:4)
  A white imp (D:5)
  2 worms (D:3)
  A dart slug (D:2)
  9 ball pythons
  5 endoplasms
  A giant cockroach (D:4)
  6 hobgoblins
  4 jackals (D:2)
  3 quokkas
  7 bats
  3 frilled lizards
  7 goblins
  4 kobolds
  5 rats
67 creatures vanquished.

Vanquished Creatures (others)
  2 plants
2 creatures vanquished.

Grand Total: 69 creatures vanquished

Notes
Turn   | Place    | Note
-------+----------+-------------------------------------------
     0 | D:1      | Renzlar the Gnoll Fighter began the quest for the Orb.
     0 | D:1      | Reached XP level 1. HP: 23/23 MP: 1/1
   156 | D:1      | Reached XP level 2. HP: 21/29 MP: 2/2
   619 | D:1      | Reached XP level 3. HP: 35/35 MP: 3/3
  1357 | D:2      | Found a faded altar of an unknown god.
  1737 | D:2      | Reached skill level 1 in Invocations
  2450 | D:3      | Reached skill level 1 in Short Blades
  2450 | D:3      | Reached skill level 1 in Long Blades
  2450 | D:3      | Reached skill level 1 in Maces & Flails
  2450 | D:3      | Reached skill level 1 in Polearms
  2450 | D:3      | Reached skill level 1 in Staves
  2450 | D:3      | Reached skill level 1 in Slings
  2450 | D:3      | Reached skill level 1 in Bows
  2450 | D:3      | Reached skill level 1 in Crossbows
  2450 | D:3      | Reached skill level 1 in Throwing
  2450 | D:3      | Reached skill level 1 in Dodging
  2450 | D:3      | Reached skill level 1 in Stealth
  2450 | D:3      | Reached skill level 1 in Unarmed Combat
  2450 | D:3      | Reached skill level 1 in Spellcasting
  2450 | D:3      | Reached skill level 1 in Evocations
  2580 | D:3      | Found a shimmering altar of Xom.
  2580 | D:3      | Found a shimmering altar of Xom.
  2582 | D:3      | Found a shimmering altar of Xom.
  2584 | D:3      | Found a shimmering altar of Xom.
  2584 | D:3      | Found a shimmering altar of Xom.
  2606 | D:3      | Reached XP level 4. HP: 41/41 MP: 5/5
  2870 | D:4      | Found a bloodstained altar of Trog.
  2901 | D:4      | Reached skill level 1 in Conjurations
  2901 | D:4      | Reached skill level 1 in Hexes
  2901 | D:4      | Reached skill level 1 in Summonings
  2901 | D:4      | Reached skill level 1 in Necromancy
  2901 | D:4      | Reached skill level 1 in Translocations
  2901 | D:4      | Reached skill level 1 in Transmutations
  2901 | D:4      | Reached skill level 1 in Fire Magic
  2901 | D:4      | Reached skill level 1 in Ice Magic
  2901 | D:4      | Reached skill level 1 in Air Magic
  2901 | D:4      | Reached skill level 1 in Earth Magic
  2901 | D:4      | Reached skill level 1 in Poison Magic
  2914 | D:4      | Reached XP level 5. HP: 42/47 MP: 5/7
  2992 | D:4      | Noticed a black bear
  2997 | D:4      | Killed a black bear
  3094 | D:4      | HP: 1/47 [gnoll (5)]
  3096 | D:4      | Reached XP level 6. HP: 1/53 MP: 8/8
  4056 | D:4      | Reached skill level 5 in Axes
  4157 | D:5      | Entered Level 5 of the Dungeon
  4511 | D:5      | Noticed Ijyb
  4524 | D:4      | Slain by an ogre

Illustrated notes

Levels and vault maps discovered:
D:1:      psy_arrival_conway, layout_basic, minmay_octomino_c4
D:2:      layout_loops_corners, basic_ecumenical_altar, serial_bayou_lagoon_b
D:3:      layout_loops_cross, xom_redecorated, kennysheep_generic_room_8
D:4:      layout_basic, mainiacjoe_overflow_tiny_flanked, chequers_avenue,
          kennysheep_generic_room_3
D:5:      layout_rooms, minmay_temple_entry_arrows, serial_bayou_pond_e,
          uniq_ijyb

Skill      XL: |  1  2  3  4  5  6 |
---------------+-------------------+-----
Invocations    | 1 2 |  2.3
Short Blades   | 1 2 |  2.1
Long Blades    | 1 2 |  2.1
Maces & Flails | 1 2 |  2.1
Polearms       | 1 2 |  2.1
Staves         | 1 2 |  2.1
Slings         | 1 2 |  2.1
Bows           | 1 2 |  2.1
Crossbows      | 1 2 |  2.1
Throwing       | 1 2 |  2.1
Dodging        | 1 2 |  2.1
Stealth        | 1 2 |  2.1
Unarmed Combat | 1 2 |  2.1
Spellcasting   | 1 2 |  2.1
Evocations     | 1 2 |  2.1
Conjurations   | 1 |  1.7
Hexes          | 1 |  1.7
Summonings     | 1 |  1.7
Necromancy     | 1 |  1.7
Translocations | 1 |  1.7
Transmutations | 1 |  1.7
Fire Magic     | 1 |  1.7
Ice Magic      | 1 |  1.7
Air Magic      | 1 |  1.7
Earth Magic    | 1 |  1.7
Poison Magic   | 1 |  1.7
Axes           | 5 |  5.0
Fighting       | |  6.9
Armour         | |  6.9
Shields        | |  6.9

Action                   |  1- 3 |  4- 6 || total
-------------------------+-------+-------++-------
Melee: War axe           |   113 |    63 ||   176
       Bite              |     9 |     6 ||    15
       Short sword       |       |    21 ||    21
       Dagger            |       |     3 ||     3
Throw: Stone             |     9 |       ||     9
       Dart              |       |     2 ||     2
  Use: Scroll            |     6 |     2 ||     8
       Potion            |       |     1 ||     1
Armor: Scale mail        |    49 |    25 ||    74
       Skin              |       |     3 ||     3
Dodge: Dodged            |    37 |    32 ||    69
Block: Kite shield       |    67 |    55 ||   122
